 Dungeon Crawl Stone Soup version 0.25.1-8-g42b30a86e7 (webtiles) character file.

Game seed: 1859534543813367861

57564 growler the Stormcaller (level 14, -1/92 HPs)
             Began as a Tengu Air Elementalist on Dec 11, 2020.
             Was a High Priest of Vehumet.
             Slain by a polar bear (20 damage)
             ... on level 6 of the Lair of Beasts.
             The game lasted 01:32:30 (29976 turns).

growler the Stormcaller (Tengu Air Elementalist)   Turns: 29976, Time: 01:32:31

Health: -1/92      AC: 12    Str:  7    XL:     14   Next: 86%
Magic:  3/26       EV: 23    Int: 26    God:    Vehumet [*****.]
Gold:   1005       SH: 12    Dex: 23    Spells: 7/28 levels left

rFire    . . .     SeeInvis .   K - +1 war axe (elec)
rCold    + . .     Gourm    .   h - +0 kite shield
rNeg     . . .     Faith    .   T - +2 troll leather armour {Snorg}
rPois    .         Spirit   .   (helmet restricted)
rElec    .         Reflect  .   U - +2 cloak
rCorr    .         Harm     .   I - +2 pair of gloves of Tiheqoroa {Regen+ Str-2 Dex+8}
MR       +....                  (boots unavailable)
Stlth    ++........             c - amulet of the acrobat
HPRegen  1.05/turn              C - +6 ring of intelligence
MPRegen  0.20/turn              o - ring of protection from cold

@: flying quickly and evasively, slowed, very slow
A: beak, talons 3, able to fly
a: Stop Flying, Renounce Religion


You were on level 6 of the Lair of Beasts.
You worshipped Vehumet.
Vehumet was extremely pleased with you.
You were not hungry.

You visited 3 branches of the dungeon, and saw 18 of its levels.
You also visited: Sewer and Gauntlet.

You collected 1005 gold pieces.

Inventory:

Hand Weapons
 l - a +0 dagger
   (You took it off a goblin on level 2 of the Dungeon)
 H - the +7 halberd of Pain and Death {venom, rElec rF+ Int+4}
   (You took it off an orc warrior on level 10 of the Dungeon)

   It poisons the flesh of those it strikes.
   It affects your intelligence (+4).
   It protects you from fire.
   It insulates you from electricity.
 K - a +1 war axe of electrocution (weapon)
   (You took it off a crimson imp on level 7 of the Dungeon)
 R - a +0 broad axe
   (You took it off a tengu warrior in a Gauntlet)
Missiles
 J - 2 throwing nets (quivered) {!f}
 V - 20 silver javelins
Armour
 h - a +0 kite shield (worn)
   (You found it on level 4 of the Dungeon)
 I - the +2 pair of gloves of Tiheqoroa (worn) {Regen+ Str-2 Dex+8}
   (You found it on level 10 of the Dungeon)

   It affects your strength (-2).
   It affects your dexterity (+8).
   It increases your rate of regeneration.
 T - a +2 troll leather armour (worn) {Snorg}
   (You found it on level 5 of the Lair of Beasts)
 U - a +2 cloak (worn)
   (You took it off Crazy Yiuf on level 5 of the Dungeon)
 X - a +2 robe of resistance
   (You found it in a Gauntlet)
Jewellery
 c - an amulet of the acrobat (around neck)
   (You found it on level 1 of the Dungeon)
 o - a ring of protection from cold (right hand)
   (You found it in a Gauntlet)
 C - a +6 ring of intelligence (left hand)
   (You found it on level 1 of the Lair of Beasts)
 G - an uncursed ring of poison resistance
   (You found it on level 1 of the Lair of Beasts)
 O - a +6 ring of dexterity
   (You found it on level 11 of the Dungeon)
Wands
 d - a wand of iceblast (5)
   (You took it off Psyche on level 9 of the Dungeon)
 t - a wand of flame (16)
   (You found it on level 5 of the Lair of Beasts)
 u - a wand of paralysis (2)
   (You found it on level 5 of the Dungeon)
 x - a wand of acid (7)
   (You found it on level 1 of the Lair of Beasts)
 A - a wand of polymorph (10)
   (You found it on level 8 of the Dungeon)
 B - a wand of clouds (6)
   (You found it on level 8 of the Dungeon)
Scrolls
 a - a scroll of vulnerability {unknown}
 g - a scroll of brand weapon {unknown}
 i - 2 scrolls of enchant weapon
 j - a scroll of immolation {!r}
 n - a scroll of magic mapping
 p - 6 scrolls of enchant armour
 q - 3 scrolls of amnesia
 w - a scroll of noise {!r}
 y - 3 scrolls of teleportation {@r4}
 z - a scroll of summoning
 D - 3 scrolls of remove curse {@r2}
 E - a scroll of fear
 N - a scroll of holy word {unknown}
 Q - a scroll of fog {unknown}
Potions
 b - 10 potions of curing {@q1}
 f - a potion of invisibility
 k - 3 potions of brilliance
 m - 5 potions of heal wounds {@q2}
 s - 6 potions of mutation {!q}
 v - 2 potions of stabbing
 F - a potion of lignification {!q}
 L - 2 potions of might
 M - a potion of magic
 P - a potion of haste {@q3}
 S - a potion of resistance
Comestibles
 e - 34 rations {!d}
 r - a chunk of flesh


   Skills:
 + Level 12.4 Fighting
 - Level 10.0 Dodging
 - Level 2.0 Stealth
 + Level 12.1 Shields
 + Level 7.5 Spellcasting
 - Level 10.0 Conjurations
 + Level 2.4 Ice Magic
 - Level 16.0 Air Magic


You had 7 spell levels left.
You knew the following spells:

 Your Spells              Type           Power        Failure   Level  Hunger
a - Shock                 Conj/Air       ####         1%          1    None
b - Airstrike             Air            #######...   1%          4    ##.....
c - Lightning Bolt        Conj/Air       ######....   1%          5    #####..
d - Static Discharge      Conj/Air       ######..     1%          3    None
e - Freezing Cloud        Conj/Ice/Air   ######....   11%         6    ######.
s - Swiftness             Chrm/Air       ######..     1%          2    None

Your spell library contained the following spells:

 Spells                   Type           Power        Failure   Level  Hunger
 Ignite Poison            Fire/Tmut/Pois #.......     11%         3    None
 Beastly Appendage        Tmut           #.....       13%         1    None
 Passwall                 Tmut/Erth      #.......     19%         2    None
 Sticks to Snakes         Tmut           #.......     19%         2    None
 Spider Form              Tmut/Pois      #.........   36%         3    None
 Teleport Other           Tloc           #.......     36%         3    None
 Ice Form                 Ice/Tmut       ###.....     58%         4    ##.....
 Ozocubu's Refrigeration  Ice            ###.......   83%         6    ######.
 Blade Hands              Tmut           #.........   98%         5    #####..
 Eringya's Noxious Bog    Tmut/Pois      #.........   100%        6    ######.
 Simulacrum               Ice/Necr       ###.......   100%        6    ######.
 Disjunction              Tloc           #.........   100%        8    #######


Dungeon Overview and Level Annotations

Branches:
Dungeon (11/15)            Temple (1/1) D:7            Lair (6/6) D:9
  Swamp (0/4) Lair:4        Snake (0/4) Lair:4        Slime (0/5) Lair:5
    Orc (0/2) D:11          Sewer (visited)         Gauntlet (visited)

Altars:
Ashenzari
Cheibriados
Dithmenos
Elyvilon
Fedhas
Gozag
Hepliaklqana
Kikubaaqudgha
Makhleb
Nemelex Xobeh
Okawaru
Qazlal
Ru
Sif Muna
Trog
Uskayaw
Vehumet
Wu Jian
Xom
Yredelemnul
Zin
The Shining One
Beogh

Shops:
D:4 =

Annotations:
D:9 1 runed translucent door, hawla's ghost, novice DrCj


Innate Abilities, Weirdness & Mutations

You have a beak for a mouth.
You have claws for feet.
You can fly continuously.


Message History

The polar bear claws you but does no damage.
The polar bear barely misses you. You block the polar bear's attack.
The polar bear claws you but does no damage.
The polar bear misses you. The polar bear closely misses you.
The polar bear claws you but does no damage.
You block the black bear's attack. The black bear barely misses you.
The black bear misses you.
The polar bear is struck by an arc of lightning.
The black bear is struck by an arc of lightning.
The torpor snail is struck by an arc of lightning!
The black bear is struck by an arc of lightning.
The lightning grounds out.
You block the polar bear's attack. The polar bear closely misses you.
The polar bear barely misses you.
The polar bear goes berserk!
The black bear barely misses you. The black bear misses you.
The black bear completely misses you.
The polar bear bites you but does no damage.
You block the polar bear's attack. The polar bear closely misses you.
You block the polar bear's attack. The polar bear misses you. x2
The torpor snail barely misses you.
The torpor snail is struck by an arc of lightning.
The polar bear is struck by an arc of lightning!
You kill the polar bear!
Vehumet accepts your kill.
You feel your power returning.
The polar bear is struck by an arc of lightning.
The lightning grounds out.
The polar bear bites you! The polar bear closely misses you.
The polar bear misses you. The black bear barely misses you.
You block the black bear's attack. x2
The polar bear bites you!!
* * * LOW HITPOINT WARNING * * *
The polar bear barely misses you. The polar bear completely misses you.
You block the torpor snail's attack. The black bear misses you.
You block the black bear's attack. The black bear claws you.
* * * LOW HITPOINT WARNING * * *
The torpor snail is struck by an arc of lightning!
The lightning grounds out.
The black bear is struck by an arc of lightning!
The lightning grounds out.
The polar bear barely misses you. The polar bear misses you.
The polar bear completely misses you. The polar bear bites you!
* * * LOW HITPOINT WARNING * * *
The polar bear completely misses you. The polar bear claws you.
* * * LOW HITPOINT WARNING * * *
You block the black bear's attack. The black bear barely misses you.
You block the black bear's attack. The torpor snail bites you.
* * * LOW HITPOINT WARNING * * *
As you read the scroll of fear, it crumbles to dust.
You assume a fearsome visage.
The black bear looks frightened! x2
The torpor snail looks frightened!
The polar bear bites you!!
You die...

**,,,***%..,#P##.#.#.#.
*,*,..**#...P#.#.....†.
****#.,,....P#........#
*,..##,...#P...#...#.
***..##.%####..######
##h:..#* ##..##.#.#
##.....# #.....#.#.
#%w.h.#######.......
#..@h..#.# ##......
##.†....#* ###.#..
##..†%.## ####.
#.#.#.## #### ###
##.#.## #..######..
####...######..#.#.#...
#.#...÷..÷##......#...÷
##.....÷...#....|......
#......##....##....÷##.


You could see a torpor snail (fleeing), a polar bear (berserk) and 2 black
bears.

Vanquished Creatures
  Nessos (Lair:4)
  A dire elephant (Lair:6)
  A minotaur (Gauntlet)
  Snorg (Lair:5)
  8 hydras
  2 two-headed ogres
  A tengu warrior (Gauntlet)
  The ghost of Janerl the Thaumaturge, a novice DECj of Gozag (D:10)
  A lindwurm (Lair:4)
  4 black mambas
  An ugly thing (D:9)
  17 elephants
  Psyche (D:9)
  6 spiny frogs
  12 komodo dragons
  2 rime drakes (Lair:3)
  2 tengu conjurers (Gauntlet)
  A queen bee (Lair:4)
  3 meliai
  3 trolls
  2 tyrant leeches (Lair:4)
  8 hippogriffs
  15 polar bears
  6 dream sheep (Lair:4)
  10 blink frogs
  3 raiju (Lair:6)
  2 centaur simulacra (Gauntlet)
  A spriggan (D:8)
  3 wyverns
  26 yaks
  6 basilisks
  4 hungry ghosts
  Grum (D:8)
  3 nagas (Lair:4)
  3 swamp worms (Lair:4)
  4 wargs (Lair:6)
  A soldier ant (D:9)
  12 water moccasins
  14 hell hounds (Lair:6)
  9 orc warriors
  10 porcupines
  9 black bears (Lair:6)
  4 ice beasts
  2 sky beasts
  2 phantoms
  A hornet zombie (D:8)
  5 ogres
  29 wolves
  4 centaurs
  6 crocodiles
  2 big kobolds
  12 bullfrogs
  A wyvern zombie (D:9)
  A spiny frog simulacrum (Gauntlet)
  3 scorpions
  A troll zombie (D:11)
  30 killer bees
  8 wights
  6 howler monkeys
  4 crimson imps
  2 bullfrog zombies
  A quasit (D:7)
  8 orc priests
  2 jellies (Lair:5)
  4 centaur skeletons
  3 hounds
  13 orc wizards
  Crazy Yiuf (D:5)
  2 bullfrog skeletons
  4 iguanas
  7 worker ants
  5 ogre zombies (D:11)
  A hound skeleton (D:6)
  A worker ant zombie (D:11)
  Robin (D:2)
  A river rat (Sewer)
  12 adders
  24 gnolls
  A shadow imp (D:9)
  6 oozes (Lair:5)
  5 worms
  6 dart slugs
  6 leopard geckos
  45 orcs
  A ball python (D:2)
  9 giant cockroaches
  14 goblins
  11 hobgoblins
  5 jackals
  15 kobolds
  11 quokkas
  5 bats
  8 frilled lizards
  A goblin skeleton (D:11)
  A goblin zombie (D:11)
  3 hobgoblin zombies (D:11)
  14 orc zombies (D:11)
  11 rats
  A plant (Lair:6)
613 creatures vanquished.

Vanquished Creatures (others)
  2 fungi
  18 plants
20 creatures vanquished.

Grand Total: 633 creatures vanquished

Notes
Turn   | Place    | Note
-------+----------+-------------------------------------------
     0 | D:1      | growler the Tengu Air Elementalist began the quest for the
                  | Orb.
     0 | D:1      | Reached XP level 1. HP: 10/10 MP: 4/4
    70 | D:1      | Reached XP level 2. HP: 10/15 MP: 1/6
    74 | D:1      | Learned a level 2 spell: Swiftness
   561 | D:1      | Reached XP level 3. HP: 19/19 MP: 3/7
   617 | D:1      | Learned a level 3 spell: Static Discharge
  1015 | D:2      | Reached skill level 5 in Air Magic
  1297 | D:2      | Reached XP level 4. HP: 15/24 MP: 1/8
  1890 | D:2      | Noticed Robin
  1925 | D:2      | Killed Robin
  2277 | D:2      | Gained mutation: You can fly continuously. [Tengu growth]
  2277 | D:2      | Reached XP level 5. HP: 28/28 MP: 2/9
  2635 | D:3      | Reached skill level 6 in Air Magic
  2910 | D:3      | Reached skill level 5 in Conjurations
  3197 | D:3      | Reached XP level 6. HP: 31/32 MP: 3/10
  3297 | D:3      | Found a glowing silver altar of Zin.
  3869 | D:4      | Found a glowing drain.
  3897 | Sewer    | Entered a sewer
  4047 | Sewer    | Reached skill level 7 in Air Magic
  4147 | Sewer    | Found a white marble altar of Elyvilon.
  4195 | D:4      | Found Ibbiucre's Jewellery Shop.
  4561 | D:4      | Reached XP level 7. HP: 36/36 MP: 4/11
  4689 | D:4      | Reached skill level 8 in Air Magic
  4906 | D:3      | Learned a level 4 spell: Airstrike
  5556 | D:5      | Entered Level 5 of the Dungeon
  5732 | D:5      | You are sucked into a shaft and drop 1 floor!
  5736 | D:6      | Found an opulent altar of Gozag.
  5737 | D:6      | Found a sparkling altar of Nemelex Xobeh.
  5806 | D:6      | Reached skill level 9 in Air Magic
  6355 | D:5      | Reached XP level 8. HP: 17/41 MP: 4/13
  6735 | D:5      | Found a runed translucent door.
  6736 | D:5      | Noticed Crazy Yiuf
  7372 | D:5      | Reached skill level 10 in Air Magic
  7972 | D:5      | Killed Crazy Yiuf
  8401 | D:6      | Reached skill level 1 in Shields
  8889 | D:5      | Learned a level 5 spell: Lightning Bolt
  9095 | D:6      | Reached skill level 5 in Spellcasting
  9103 | D:6      | Reached skill level 11 in Air Magic
  9103 | D:6      | Reached XP level 9. HP: 35/45 MP: 2/17
 10036 | D:7      | Found a staircase to the Ecumenical Temple.
 10055 | Temple   | Entered the Ecumenical Temple
 10119 | Temple   | Became a worshipper of Vehumet
 10253 | D:7      | Reached skill level 12 in Air Magic
 10598 | D:7      | Found a shimmering altar of Xom.
 10628 | D:7      | Reached skill level 5 in Shields
 11327 | D:7      | Reached * piety under Vehumet
 11327 | D:7      | Offered knowledge of Magic Dart by Vehumet.
 11638 | D:8      | Noticed Grum
 11642 | D:8      | Reached XP level 10. HP: 29/50 MP: 9/18
 12036 | D:8      | Killed Grum
 13076 | D:8      | Found a burning altar of Makhleb.
 13078 | D:8      | Found an iron altar of Okawaru.
 13079 | D:8      | Found a hazy altar of Hepliaklqana.
 13080 | D:8      | Found an ancient bone altar of Kikubaaqudgha.
 13081 | D:8      | Found a shadowy altar of Dithmenos.
 13083 | D:8      | Found a shimmering blue altar of Sif Muna.
 14098 | D:9      | Found a runed translucent door.
 14098 | D:9      | Noticed hawla's ghost (novice DrCj)
 14265 | D:9      | Offered knowledge of Foxfire by Vehumet.
 14276 | D:9      | Found a staircase to the Lair.
 14281 | D:9      | Reached ** piety under Vehumet
 14281 | D:9      | Reached skill level 10 in Shields
 14414 | D:9      | Noticed Psyche
 14417 | D:9      | Killed Psyche
 14565 | D:9      | Noticed a green ugly thing
 14579 | D:9      | Killed a green ugly thing
 14893 | D:9      | Noticed a two-headed ogre
 14898 | D:9      | Killed a two-headed ogre
 14898 | D:9      | Reached XP level 11. HP: 50/54 MP: 2/21
 15437 | D:10     | Entered Level 10 of the Dungeon
 15461 | D:10     | Offered knowledge of Conjure Flame by Vehumet.
 15503 | D:10     | Reached skill level 13 in Air Magic
 15725 | D:10     | Noticed a two-headed ogre
 15755 | D:10     | Reached *** piety under Vehumet
 15807 | D:10     | Reached skill level 14 in Air Magic
 16053 | D:10     | Killed a two-headed ogre
 16578 | D:10     | Found a runed translucent gate.
 16578 | D:10     | Noticed Janerl's ghost (novice DECj)
 16579 | D:10     | Found a runed translucent gate.
 16580 | D:10     | Found a runed translucent gate.
 16580 | D:10     | Identified the +7 halberd of Pain and Death {venom, rElec
                  | rF+ Int+4}
 16589 | D:10     | Found a roughly hewn altar of Beogh.
 16892 | D:10     | Offered knowledge of Sticky Flame by Vehumet.
 16902 | D:10     | Killed Janerl's ghost
 16902 | D:10     | Reached skill level 15 in Air Magic
 16902 | D:10     | Reached skill level 1 in Fighting
 17105 | D:10     | Got a pair of transparent gloves
 17111 | D:10     | Identified the +2 pair of gloves of Tiheqoroa {Regen+ Str-2
                  | Dex+8} (You found it on level 10 of the Dungeon)
 17720 | D:11     | Reached **** piety under Vehumet
 17734 | D:11     | Found a staircase to the Orcish Mines.
 17746 | D:11     | Offered knowledge of Iskenderun's Battlesphere by Vehumet.
 17883 | D:10     | Learned a level 5 spell: Iskenderun's Battlesphere
 18680 | D:11     | Reached skill level 5 in Dodging
 18680 | D:11     | Reached XP level 12. HP: 43/66 MP: 14/23
 19030 | Lair:1   | Entered Level 1 of the Lair of Beasts
 19661 | Lair:1   | Reached skill level 5 in Fighting
 20788 | Lair:2   | Noticed a seven-headed hydra
 20795 | Lair:2   | Killed a seven-headed hydra
 20797 | Lair:2   | Reached skill level 10 in Conjurations
 20999 | Lair:2   | Reached ***** piety under Vehumet
 21152 | Lair:2   | Offered knowledge of Yara's Violent Unravelling by Vehumet.
 21404 | Lair:2   | Noticed an eight-headed hydra
 21443 | Lair:2   | Killed an eight-headed hydra
 21822 | Lair:2   | Reached XP level 13. HP: 56/76 MP: 6/24
 23552 | Lair:4   | Found a staircase to the Snake Pit.
 23554 | Lair:4   | Reached skill level 10 in Dodging
 24125 | Lair:4   | Reached skill level 10 in Fighting
 24903 | Lair:4   | Noticed Nessos
 25232 | Lair:4   | Offered knowledge of Lee's Rapid Deconstruction by Vehumet.
 25554 | Lair:4   | Reached XP level 14. HP: 71/88 MP: 7/25
 25664 | Lair:4   | Killed Nessos
 25945 | Lair:4   | Found a staircase to the Swamp.
 26581 | Lair:5   | Reached skill level 16 in Air Magic
 26592 | Lair:5   | Found a gate leading to a gauntlet.
 26608 | Gauntlet | Entered a Gauntlet
 26608 | Gauntlet | Found a transporter.
 26608 | Gauntlet | Found a transporter.
 26608 | Gauntlet | Found a transporter.
 26710 | Gauntlet | Found a transporter.
 26720 | Gauntlet | Found a transporter.
 26722 | Gauntlet | Found a transporter.
 26738 | Gauntlet | Found a transporter.
 26751 | Gauntlet | Noticed a balrug
 26754 | Gauntlet | Found a transporter.
 26769 | Gauntlet | Found a transporter.
 26772 | Gauntlet | Found a transporter.
 26780 | Gauntlet | Found a transporter.
 26783 | Gauntlet | Found a transporter.
 26893 | Gauntlet | Identified Jiqo's Disquisition on Freezing Transmutation
 27312 | Gauntlet | Identified the Almanac of the Voyage and Poisoning
 27365 | Lair:5   | Noticed Snorg
 27371 | Lair:5   | Killed Snorg
 28203 | Lair:5   | Found a staircase to the Slime Pits.
 28204 | Lair:5   | You are sucked into a shaft and drop 1 floor!
 28204 | Lair:6   | Entered Level 6 of the Lair of Beasts
 28635 | Lair:6   | Offered knowledge of Freezing Cloud by Vehumet.
 28651 | Lair:6   | Learned a level 6 spell: Freezing Cloud
 29147 | Lair:6   | Reached skill level 1 in Ice Magic
 29507 | Lair:6   | Noticed a dire elephant
 29530 | Lair:6   | Killed a dire elephant
 29976 | Lair:6   | Slain by a polar bear

Illustrated notes

Levels and vault maps discovered:
D:1:      dpeg_arrival_stone_temple_mockup, layout_rooms, minmay_pentomino_p2
D:2:      layout_basic, first_ration, serial_bayou_pond_e,
          minmay_splitting_lines, lemuel_old_faithful, uniq_robin
D:3:      layout_basic, old_standard_altar
D:4:      layout_basic, cheibrodos_sewer_entry_drain, serial_shops,
          nicolae_shop_trees
D:5:      minmay_recursive_quarters, layout_loops_corners,
          uniq_crazy_yiuf_cottage
D:6:      layout_loops_ring, grunt_temple_overflow_opulence
D:7:      layout_cave_pools, minmay_temple_entry_mini_moons, basic_altar,
          minmay_misc_feat_rugged
D:8:      layout_loops_corners, minitemple, the_bakery, uniq_grum
D:9:      layout_irregular_city, lair_entry_dummy, gammafunk_ghost_grave,
          uniq_psyche
D:10:     layout_basic, biasface_ghost_orc_armoury
D:11:     layout_roguey, zombieorc1_lemuel
Temple:   cyrus_circular_temple
Lair:1:   layout_long_grid
Lair:2:   layout_cave_pods, chequers_serial_rivers_small_b
Lair:3:   layout_regular_city, cheibrodos_lair_lostbears, serial_bayou_shore_a
Lair:4:   layout_gridlike, palyth_hydra_swamp_entry,
          minmay_snake_entry_guardpost_small, special_room [special_room_bee],
          grunt_megastairs_1, uniq_nessos
Lair:5:   layout_long_grid, nicolae_slime_entry_slimehenge,
          gauntlet_entry_generic, uniq_snorg
Lair:6:   hangedman_lair_caniforms_friends, layout_regular_city,
          minmay_lair_oklob_chamber

Skill      XL: |  1  2  3  4  5  6  7  8  9 10 11 12 13 14 |
---------------+-------------------------------------------+-----
Conjurations   | 2 3 4 5 6 7 10 | 10.0
Air Magic      | 5 6 7 9 11 12 15 16 | 16.0
Spellcasting   | 3 5 6 7 |  7.5
Shields        | 2 7 10 12 | 12.1
Fighting       | 3 7 10 12 | 12.4
Dodging        | 5 8 10 | 10.0
Ice Magic      | 2 |  2.4
Stealth        | |  2.0

Action                   |  1- 3 |  4- 6 |  7- 9 | 10-12 | 13-15 || total
-------------------------+-------+-------+-------+-------+-------++-------
Melee: Unarmed           |       |    11 |       |       |    10 ||    21
       Peck              |       |     5 |     9 |    42 |    51 ||   107
       Kick              |       |     8 |    14 |    69 |    67 ||   158
       Dagger            |       |    25 |    42 |       |       ||    67
       War axe           |       |       |    19 |   187 |   184 ||   390
 Cast: Shock             |    67 |   126 |   122 |    18 |     8 ||   341
       Static Discharge  |     1 |     3 |    17 |    25 |    79 ||   125
       Airstrike         |       |       |    60 |   252 |   247 ||   559
       Lightning Bolt    |       |       |     1 |     7 |     8 ||    16
       Swiftness         |       |       |       |     1 |     2 ||     3
       Iskenderun's Batt |       |       |       |     1 |     2 ||     3
       Freezing Cloud    |       |       |       |       |     2 ||     2
 Abil: Fly               |       |     1 |       |       |       ||     1
Evoke: Wand              |       |       |       |     1 |     5 ||     6
  Use: Scroll            |     1 |     4 |     3 |     7 |    14 ||    29
       Potion            |     1 |       |       |     1 |       ||     2
 Stab: Sleeping          |       |       |     2 |     1 |     2 ||     5
       Confused          |       |       |       |       |     1 ||     1
  Eat: Chunk             |     2 |    12 |    26 |    56 |    40 ||   136
       Ration            |       |       |     2 |     3 |     3 ||     8
Armor: Robe              |     7 |     5 |    11 |    24 |       ||    47
       Troll leather arm |       |       |       |    36 |    84 ||   120
Dodge: Dodged            |    43 |    51 |    80 |   199 |   567 ||   940
Block: Buckler           |       |       |    10 |    12 |       ||    22
       Kite shield       |       |       |       |   182 |   375 ||   557
